[ AOE2 MATCH · #495722097 ]
UnrankedSlavs vs Goths
Player's team · LOSS
Rival team · WIN
[ REPLAY ANALYSIS · EXTRACTED FROM THE RECORDED GAME ]
Feudal
11:00
Castle
21:59
Imperial
38:44
| APM avg | 66.3 |
| APM peak | 116 |
| eAPM avg | 39.2 |
| Villagers / military | 214 / 286 |
Focus
⚔️ 48.8% · 🌾 51.2%
Militia ×168 · Scout Cavalry ×82 · Archer ×17 · Monk ×5 · Knight ×5 · Scorpion ×4
Feudal
13:36
Castle
20:55
Imperial
37:10
| APM avg | 66.8 |
| APM peak | 112 |
| eAPM avg | 47.3 |
| Villagers / military | 198 / 375 |
Focus
⚔️ 56.1% · 🌾 43.9%
Militia ×115 · Hand Cannoneer ×105 · Scout Cavalry ×57 · Huskarl ×46 · Spearman ×17 · Trebuchet (Packed) ×14
Match map
Initial resources + every placement click. Lines = walls · curves = elevation contours. ◆ gold · ⬟ stone · ● berries · ✦ relic · ◌ wall gap
Your base· ✓ Closed at 21:59 · 55t walls · no gate
Sharky aoe's base· ✓ Closed at 20:55 · 91t walls · no gate
Smoothed initial terrain · ◌ = detected wall gap · hover for details
Inputs per minute
— NOC | komtan - - Sharky aoe
Build order — NOC | komtan
First 150 of 786 actions detected
| 0:00 | Create | Villager (Male) |
| 0:00 | Create | Villager (Male) |
| 0:01 | Create | Villager (Male) |
| 0:01 | Create | Villager (Male) |
| 0:02 | Build | House |
| 0:02 | Build | House |
| 1:28 | Create | Villager (Male) |
| 1:29 | Create | Villager (Male) |
| 1:59 | Create | Villager (Male) |
| 2:00 | Create | Villager (Male) |
| 2:06 | Create | Villager (Male) |
| 2:06 | Create | Villager (Male) |
| 2:06 | Create | Villager (Male) |
| 2:20 | Build | Lumber Camp |
| 2:30 | Create | Villager (Male) |
| 2:30 | Create | Villager (Male) |
| 2:53 | Create | Villager (Male) |
| 3:34 | Create | Villager (Male) |
| 3:52 | Create | Villager (Male) |
| 4:00 | Build | House |
| 4:22 | Create | Villager (Male) |
| 4:37 | Build | Barracks |
| 4:39 | Create | Villager (Male) |
| 4:39 | Create | Villager (Male) |
| 4:58 | Create | Villager (Male) |
| 5:09 | Build | Palisade Wall |
| 5:19 | Create | Villager (Male) |
| 5:45 | Create | Villager (Male) |
| 5:50 | Create | Militia |
| 6:00 | Create | Militia |
| 6:05 | Build | Palisade Wall |
| 6:16 | Create | Villager (Male) |
| 6:18 | Build | House |
| 6:27 | Create | Villager (Male) |
| 6:36 | Build | Palisade Wall |
| 6:41 | Create | Villager (Male) |
| 7:01 | Build | Mill |
| 7:10 | Create | Villager (Male) |
| 7:27 | Research | Loom |
| 7:43 | Build | Palisade Wall |
| 7:59 | Create | Villager (Male) |
| 8:08 | Create | Villager (Male) |
| 8:14 | Build | Palisade Wall |
| 8:14 | Build | Palisade Wall |
| 8:50 | Research | Feudal Age |
| 8:52 | Build | Mining Camp |
| 9:11 | Build | Palisade Wall |
| 9:15 | Build | Palisade Wall |
| 9:16 | Build | Palisade Wall |
| 10:00 | Build | Palisade Wall |
| 10:02 | Build | Palisade Wall |
| 10:03 | Build | Palisade Wall |
| 10:10 | Build | Palisade Wall |
| 10:16 | Build | Palisade Wall |
| 11:00 | Age | Feudal Age |
| 11:03 | Build | Archery Range |
| 11:04 | Create | Spearman |
| 11:09 | Create | Villager (Male) |
| 11:25 | Build | Farm |
| 11:27 | Build | Farm |
| 11:27 | Create | Villager (Male) |
| 11:37 | Create | Archer |
| 11:45 | Build | Farm |
| 11:49 | Build | Farm |
| 11:54 | Create | Archer |
| 12:05 | Create | Villager (Male) |
| 12:05 | Create | Villager (Male) |
| 12:05 | Create | Villager (Male) |
| 12:14 | Create | Archer |
| 12:20 | Build | Farm |
| 12:33 | Create | Villager (Male) |
| 12:33 | Create | Villager (Male) |
| 12:52 | Create | Villager (Male) |
| 13:01 | Build | Watch Tower |
| 13:07 | Create | Archer |
| 13:09 | Create | Villager (Male) |
| 13:14 | Build | Blacksmith |
| 13:27 | Create | Villager (Male) |
| 13:32 | Create | Archer |
| 13:51 | Build | Farm |
| 14:02 | Research | Fletching |
| 14:06 | Create | Villager (Male) |
| 14:10 | Build | House |
| 14:18 | Build | Palisade Wall |
| 14:19 | Build | House |
| 14:20 | Create | Villager (Male) |
| 14:25 | Build | Palisade Wall |
| 14:29 | Build | Palisade Wall |
| 14:38 | Build | Palisade Wall |
| 14:44 | Research | Double-Bit Axe |
| 14:49 | Create | Archer |
| 14:54 | Build | Palisade Wall |
| 15:02 | Build | Palisade Wall |
| 15:04 | Create | Villager (Male) |
| 15:12 | Create | Villager (Male) |
| 15:22 | Create | Archer |
| 15:23 | Create | Villager (Male) |
| 15:42 | Create | Villager (Male) |
| 15:48 | Build | House |
| 15:50 | Create | Archer |
| 15:55 | Create | Villager (Male) |
| 15:59 | Build | Farm |
| 16:01 | Build | Farm |
| 16:02 | Create | Villager (Male) |
| 16:15 | Build | Farm |
| 16:19 | Create | Villager (Male) |
| 16:26 | Build | Farm |
| 16:38 | Create | Archer |
| 16:41 | Create | Villager (Male) |
| 16:54 | Build | Palisade Wall |
| 17:00 | Create | Villager (Male) |
| 17:02 | Create | Archer |
| 17:02 | Create | Villager (Male) |
| 17:20 | Build | Farm |
| 17:22 | Build | House |
| 17:36 | Build | House |
| 17:44 | Build | Farm |
| 17:49 | Create | Villager (Male) |
| 17:51 | Create | Archer |
| 17:59 | Build | Farm |
| 18:09 | Build | House |
| 18:10 | Create | Villager (Male) |
| 18:32 | Create | Villager (Male) |
| 18:50 | Build | House |
| 19:01 | Build | Farm |
| 19:09 | Build | Lumber Camp |
| 19:16 | Research | Castle Age |
| 19:17 | Research | Castle Age |
| 19:28 | Research | Horse Collar |
| 19:35 | Build | Archery Range |
| 19:42 | Build | Farm |
| 19:46 | Create | Archer |
| 19:50 | Research | Gold Mining |
| 20:14 | Research | Padded Archer Armor |
| 20:22 | Create | Archer |
| 20:24 | Build | Farm |
| 20:35 | Build | House |
| 20:40 | Create | Archer |
| 20:42 | Create | Archer |
| 20:49 | Create | Villager (Male) |
| 21:15 | Create | Archer |
| 21:27 | Create | Archer |
| 21:59 | Age | Castle Age |
| 22:02 | Research | Bodkin Arrow |
| 22:02 | Create | Villager (Male) |
| 22:12 | Build | Town Center |
| 22:14 | Create | Villager (Male) |
| 22:16 | Create | Villager (Male) |
| 22:22 | Research | Bow Saw |
| 22:23 | Create | Villager (Male) |
Build order — Sharky aoe
First 150 of 823 actions detected
| 0:02 | Create | Villager (Male) |
| 0:02 | Create | Villager (Male) |
| 0:05 | Build | House |
| 0:06 | Build | House |
| 0:07 | Create | Villager (Male) |
| 0:13 | Create | Villager (Male) |
| 0:13 | Create | Villager (Male) |
| 1:22 | Create | Villager (Male) |
| 1:32 | Build | House |
| 1:57 | Build | Lumber Camp |
| 2:01 | Create | Villager (Male) |
| 2:01 | Create | Villager (Male) |
| 2:28 | Create | Villager (Male) |
| 2:48 | Create | Villager (Male) |
| 3:09 | Create | Villager (Male) |
| 3:09 | Create | Villager (Male) |
| 3:34 | Create | Villager (Male) |
| 3:35 | Create | Villager (Male) |
| 3:44 | Build | House |
| 3:54 | Create | Villager (Male) |
| 4:33 | Build | Barracks |
| 4:38 | Create | Villager (Male) |
| 4:48 | Create | Villager (Male) |
| 5:03 | Build | House |
| 5:07 | Build | Palisade Wall |
| 5:12 | Create | Villager (Male) |
| 5:12 | Create | Villager (Male) |
| 5:30 | Create | Militia |
| 5:31 | Create | Militia |
| 5:31 | Create | Militia |
| 5:37 | Build | House |
| 5:39 | Build | Palisade Wall |
| 5:51 | Create | Militia |
| 5:52 | Create | Villager (Male) |
| 6:10 | Create | Villager (Male) |
| 6:37 | Create | Villager (Male) |
| 6:52 | Build | Mill |
| 6:54 | Create | Villager (Male) |
| 7:08 | Create | Villager (Male) |
| 7:12 | Build | Palisade Wall |
| 7:18 | Build | Farm |
| 7:58 | Create | Villager (Male) |
| 8:15 | Create | Villager (Male) |
| 8:29 | Build | Farm |
| 8:29 | Build | Farm |
| 8:31 | Create | Villager (Male) |
| 8:46 | Create | Villager (Male) |
| 8:55 | Build | Mining Camp |
| 9:17 | Create | Villager (Male) |
| 9:22 | Build | Farm |
| 9:25 | Build | House |
| 9:36 | Create | Villager (Male) |
| 9:45 | Create | Villager (Male) |
| 9:51 | Build | Farm |
| 10:00 | Create | Villager (Male) |
| 10:01 | Build | House |
| 10:03 | Build | Palisade Wall |
| 10:06 | Build | Palisade Wall |
| 10:18 | Research | Loom |
| 10:24 | Build | Farm |
| 10:29 | Create | Villager (Male) |
| 10:51 | Create | Villager (Male) |
| 11:11 | Build | Farm |
| 11:21 | Build | House |
| 11:23 | Build | Palisade Wall |
| 11:24 | Build | Palisade Wall |
| 11:26 | Research | Feudal Age |
| 11:27 | Research | Feudal Age |
| 11:33 | Build | Palisade Wall |
| 11:34 | Build | Palisade Wall |
| 11:42 | Create | Militia |
| 12:02 | Create | Militia |
| 12:28 | Build | Palisade Wall |
| 12:30 | Create | Villager (Male) |
| 12:33 | Build | House |
| 12:34 | Build | House |
| 12:35 | Build | Palisade Wall |
| 13:00 | Build | Farm |
| 13:36 | Age | Feudal Age |
| 13:37 | Create | Villager (Male) |
| 13:40 | Build | Archery Range |
| 13:43 | Research | Horse Collar |
| 13:55 | Research | Double-Bit Axe |
| 14:03 | Create | Villager (Male) |
| 14:21 | Create | Skirmisher |
| 14:21 | Create | Skirmisher |
| 14:24 | Build | Farm |
| 14:25 | Create | Villager (Male) |
| 14:27 | Build | Farm |
| 14:47 | Create | Villager (Male) |
| 14:49 | Create | Skirmisher |
| 14:54 | Build | Farm |
| 15:07 | Build | Farm |
| 15:23 | Create | Skirmisher |
| 15:34 | Create | Skirmisher |
| 15:37 | Build | Palisade Wall |
| 15:49 | Create | Skirmisher |
| 15:52 | Build | Farm |
| 16:02 | Create | Villager (Male) |
| 16:02 | Create | Villager (Male) |
| 16:02 | Create | Villager (Male) |
| 16:14 | Build | Mining Camp |
| 16:26 | Build | Blacksmith |
| 16:28 | Create | Villager (Male) |
| 16:39 | Build | Farm |
| 16:41 | Create | Villager (Male) |
| 16:54 | Build | Farm |
| 17:02 | Build | Farm |
| 17:17 | Build | House |
| 17:19 | Build | Palisade Wall |
| 17:22 | Create | Skirmisher |
| 17:34 | Build | House |
| 17:58 | Build | Lumber Camp |
| 18:15 | Research | Castle Age |
| 18:20 | Create | Skirmisher |
| 19:05 | Research | Gold Mining |
| 19:06 | Create | Villager (Male) |
| 19:38 | Create | Spearman |
| 19:53 | Build | House |
| 19:54 | Build | House |
| 19:56 | Build | Palisade Wall |
| 19:59 | Build | Palisade Wall |
| 20:00 | Build | Palisade Wall |
| 20:16 | Create | Villager (Male) |
| 20:37 | Create | Villager (Male) |
| 20:51 | Research | Scale Mail Armor |
| 20:55 | Age | Castle Age |
| 20:58 | Build | Castle |
| 21:01 | Research | Heavy Plow |
| 21:02 | Research | Bow Saw |
| 21:24 | Research | Wheelbarrow |
| 21:54 | Research | Chain Mail Armor |
| 21:54 | Research | Chain Mail Armor |
| 22:21 | Create | Huskarl |
| 22:21 | Create | Huskarl |
| 22:21 | Create | Huskarl |
| 22:38 | Research | Squires |
| 22:43 | Build | Farm |
| 22:48 | Create | Huskarl |
| 23:00 | Create | Huskarl |
| 23:02 | Create | Villager (Male) |
| 23:02 | Create | Villager (Male) |
| 23:08 | Build | Siege Workshop |
| 23:25 | Create | Huskarl |
| 23:25 | Create | Huskarl |
| 23:34 | Create | Huskarl |
| 23:38 | Build | Farm |
| 23:39 | Create | Battering Ram |
| 23:40 | Create | Villager (Male) |
| 23:49 | Create | Villager (Male) |
Match timeline
| 4:33 | Sharky aoe · first_building Barracks |
| 4:37 | NOC | komtan · first_building Barracks |
| 5:07 | Sharky aoe · wall_segment Palisade Wall x9 |
| 5:09 | NOC | komtan · wall_segment Palisade Wall x5 |
| 5:39 | Sharky aoe · wall_segment Palisade Wall x3 |
| 6:05 | NOC | komtan · wall_segment Palisade Wall x1 |
| 6:36 | NOC | komtan · wall_segment Palisade Wall x7 |
| 7:12 | Sharky aoe · wall_segment Palisade Wall x3 |
| 7:43 | NOC | komtan · wall_segment Palisade Wall x1 |
| 8:14 | NOC | komtan · wall_segment Palisade Wall x1 |
| 8:14 | NOC | komtan · wall_segment Palisade Wall x1 |
| 9:11 | NOC | komtan · wall_segment Palisade Wall x1 |
| 9:15 | NOC | komtan · wall_segment Palisade Wall x1 |
| 9:16 | NOC | komtan · wall_segment Palisade Wall x1 |
| 10:00 | NOC | komtan · wall_segment Palisade Wall x1 |
| 10:02 | NOC | komtan · wall_segment Palisade Wall x1 |
| 10:03 | Sharky aoe · wall_segment Palisade Wall x15 |
| 10:03 | NOC | komtan · wall_segment Palisade Wall x1 |
| 10:06 | Sharky aoe · wall_segment Palisade Wall x12 |
| 10:10 | NOC | komtan · wall_segment Palisade Wall x1 |
| 10:16 | NOC | komtan · wall_segment Palisade Wall x1 |
| 11:00 | NOC | komtan · age_up feudal |
| 11:03 | NOC | komtan · first_building Archery Range |
| 11:23 | Sharky aoe · wall_segment Palisade Wall x6 |
| 11:24 | Sharky aoe · wall_segment Palisade Wall x13 |
| 11:33 | Sharky aoe · wall_segment Palisade Wall x9 |
| 11:34 | Sharky aoe · wall_segment Palisade Wall x9 |
| 12:28 | Sharky aoe · wall_segment Palisade Wall x1 |
| 12:35 | Sharky aoe · wall_segment Palisade Wall x2 |
| 13:36 | Sharky aoe · age_up feudal |
| 13:40 | Sharky aoe · first_building Archery Range |
| 14:18 | NOC | komtan · wall_segment Palisade Wall x2 |
| 14:25 | NOC | komtan · wall_segment Palisade Wall x4 |
| 14:29 | NOC | komtan · wall_segment Palisade Wall x4 |
| 14:38 | NOC | komtan · wall_segment Palisade Wall x12 |
| 14:54 | NOC | komtan · wall_segment Palisade Wall x7 |
| 15:02 | NOC | komtan · wall_segment Palisade Wall x4 |
| 15:37 | Sharky aoe · wall_segment Palisade Wall x1 |
| 16:54 | NOC | komtan · wall_segment Palisade Wall x1 |
| 17:19 | Sharky aoe · wall_segment Palisade Wall x5 |
| 19:56 | Sharky aoe · wall_segment Palisade Wall x5 |
| 19:59 | Sharky aoe · wall_segment Palisade Wall x5 |
| 20:00 | Sharky aoe · wall_segment Palisade Wall x4 |
| 20:55 | Sharky aoe · age_up castle |
| 20:58 | Sharky aoe · first_building Castle |
| 21:59 | NOC | komtan · age_up castle |
| 22:33 | NOC | komtan · wall_segment Palisade Wall x1 |
| 23:08 | Sharky aoe · first_building Siege Workshop |
| 23:12 | NOC | komtan · first_building Monastery |
| 28:04 | Sharky aoe · first_building Monastery |
| 31:33 | Sharky aoe · first_market_buy 100 food |
| 31:53 | NOC | komtan · wall_segment Palisade Wall x11 |
| 33:26 | NOC | komtan · wall_segment Palisade Wall x1 |
| 37:10 | Sharky aoe · age_up imperial |
| 37:54 | NOC | komtan · wall_segment Stone Wall x1 |
| 38:32 | Sharky aoe · wall_segment Palisade Wall x1 |
| 38:33 | Sharky aoe · wall_segment Palisade Wall x4 |
| 38:34 | Sharky aoe · wall_segment Palisade Wall x7 |
| 38:44 | NOC | komtan · age_up imperial |
| 39:29 | Sharky aoe · first_market_sell 100 stone |
| 40:02 | NOC | komtan · first_market_sell 100 wood |
| 40:39 | Sharky aoe · wall_segment Palisade Wall x1 |
| 40:40 | Sharky aoe · wall_segment Palisade Wall x4 |
| 41:36 | Sharky aoe · wall_segment Palisade Wall x1 |
| 41:43 | NOC | komtan · first_building Castle |
| 42:51 | NOC | komtan · first_market_buy 100 food |
| 42:59 | Sharky aoe · wall_segment Palisade Wall x1 |
| 43:00 | Sharky aoe · wall_segment Palisade Wall x1 |
| 43:30 | Sharky aoe · wall_segment Palisade Wall x1 |
| 43:32 | Sharky aoe · wall_segment Palisade Wall x1 |
| 45:27 | NOC | komtan · first_building Stable |
| 47:40 | Sharky aoe · first_building Stable |
| 50:22 | Sharky aoe · wall_segment Palisade Wall x1 |
| 50:22 | NOC | komtan · first_building Siege Workshop |
| 50:24 | Sharky aoe · wall_segment Palisade Wall x1 |
| 51:13 | Sharky aoe · wall_segment Palisade Wall x1 |
| 51:14 | Sharky aoe · wall_segment Palisade Wall x1 |
| 52:33 | Sharky aoe · wall_segment Palisade Wall x4 |
| 53:43 | NOC | komtan · resign |
[ AI ANALYSIS · 1 CREDIT ]
What really happened in this match?
Wolo.gg analyzes every decision: build order, eco, micro, common mistakes by bracket. Personalized analysis on WhatsApp or Discord in 30 seconds.
Civ guide
Slavs
Perfil
Komtan